[Event "Baku Open 2024"]
[Site "Baku"]
[Date "2024.07.03"]
[Round "5.31"]
[White "Mammadova, Gulnar"]
[Black "Gurbanov, Ismayil"]
[Result "1/2-1/2"]
[ECO "C43"]
[WhiteElo "2348"]
[BlackElo "2163"]
[Annotator "TA"]
[PlyCount "164"]
[EventDate "2024.06.29"]
[EventType "swiss"]
[EventCountry "AZE"]
[SourceTitle "playchess.com"]
[Source "ChessBase"]
[SourceQuality "1"]
[TimeControl "5400+30"]

1. e4 e5 2. Nf3 Nf6 3. d4 d5 4. exd5 exd4 5. Qxd4 Qxd5 6. Bc4 {[%emt 0:00:53] C43: Petroff Defence: 3 d4.} Qxd4 7. Nxd4 Bc5 8. Nb5 Na6 9. Bf4 O-O 10. O-O c6 $146 ({Predecessor:} 10... Bf5 11. c3 Ne4 12. Nd4 Bxd4 13. cxd4 Nb4 14. Na3 Nd6 15. b3 Rad8 16. Rfd1 c6 {0-1 Eklund,R-Valli,F (2271) FIN Team Cup 2012 (4.4)}) 11. Nd6 Nb4 12. Bb3 Nbd5 13. Bg3 Bxd6 14. Bxd6 Rd8 15. Be5 Bf5 16. Na3 a5 17. c3 a4 18. Bc2 Bxc2 19. Nxc2 Nd7 20. Bg3 Nc5 21. Rad1 Nf6 22. Bc7 Re8 23. f3 a3 24. Bd6 b6 25. Bxc5 bxc5 26. Nxa3 Nd5 27. Rc1 Nf4 28. Rce1 Reb8 29. Nc4 Rxa2 30. Ra1 Rba8 31. Rxa2 Rxa2 32. Rd1 f6 33. Rd7 h5 34. g3 Nd5 35. h4 Ra4 36. Nd6 Ra1+ 37. Kf2 Ra2 38. Rb7 Nxc3 39. Ke1 Nd5 40. Nf5 Nb4 41. Rxg7+ (41. Nxg7 Rxb2 42. Rd7 Nd3+ 43. Kd1 Ne5) 41... Kf8 42. g4 Rxb2 43. gxh5 $2 {[%emt 0:00:17][%mdl 8192] [#]} (43. Rc7 $11) 43... Nc2+ $1 $19 44. Kd1 Ne3+ $1 45. Kc1 Nxf5 46. Rg6 {[%emt 0:00:21] [#]} Nxh4 $2 (46... Rb7 $1 $19 47. Rxf6+ Rf7 48. Rxc6 Nd4 (48... Nxh4 49. Rxc5 Rxf3 50. Kc2 $15)) 47. Rxf6+ $15 (47. Kxb2 $2 Nxg6 (47... Nxf3 48. Rxf6+ Kg8 49. Rxf3 Kg7 50. Kc3 Kh6 51. Rh3 Kh7 52. h6) 48. Kc3 Ne5 $19) 47... Kg7 48. Rxc6 Rb5 49. f4 Nf5 50. Kd2 Nd4 51. h6+ $2 ({White should try} 51. Rc8 $15) 51... Kh7 $19 52. Rd6 $2 (52. Rc8 {is a better chance.}) 52... Rb3 $19 53. Rd5 Rh3 ({Less strong is} 53... Kxh6 54. Rxc5 Kg6 55. Ra5 $15) 54. Kd1 Rxh6 (54... Rd3+ $142 55. Kc1 Ne2+ (55... Kxh6 $2 56. Kb2 $19) 56. Kc2 Rxd5 57. f5 c4 (57... Kxh6 {gets mated.} 58. Kb3 Rxf5 59. Kc4 Kg5 60. Kd3 Kf4 61. Kc4 Nd4 62. Kd3 Ke5 63. Ke3 Rf1 64. Kd3 Rf2 65. Ke3 Rc2 66. Kd3 c4+ 67. Ke3 Re2#) (57... Nd4+ 58. Kd3 Rxf5 59. Ke4 Kxh6 60. Kd3 Kg5 61. Ke3 Kf6 62. Ke4 Ke6 63. Kd3 Ke5 64. Ke3 Rf1 65. Kd3 Rf2 66. Ke3 Rc2 67. Kd3 c4+ 68. Ke3 Re2#) 58. f6 Kxh6 (58... Nd4+ $2 59. Kc3 $19) 59. f7 Kg7 60. Kb2 Kxf7 61. Kc2 c3 62. Kb3 Rd2 63. Ka4 c2 64. Kb4 c1=Q (64... c1=B 65. Kb5 Ke6 66. Kc6 Rc2+ 67. Kb6 Kd5 68. Kb5 Rc6 69. Ka4 Kc4 70. Ka5 Bd2+ 71. Ka4 Ra6#) 65. Kb5 Rb2+ 66. Ka6 Qa1#) 55. Ke1 Nc2+ $2 ({Better is} 55... Nb3 $19 56. Kd1 Rh2) 56. Kd2 $1 $15 Rh2+ 57. Kc3 Nd4 58. Rxc5 Ne2+ 59. Kd3 Nxf4+ 60. Ke4 Ng6 61. Rc6 Rh4+ (61... Re2+ 62. Kf3 Re5 63. Rd6 $17) 62. Ke3 Kg7 63. Ra6 (63. Rc7+ Kf6 $17) 63... Kh6 64. Ra5 Ne7 65. Re5 Ng8 66. Re8 Rg4 67. Re6+ Kg5 68. Re5+ Kf6 69. Re4 Rg3+ 70. Kf4 Ra3 71. Rb4 Ra6 72. Rb8 Ra4+ 73. Ke3 Ne7 74. Rf8+ Ke5 75. Re8 Ra3+ 76. Kd2 Kd6 77. Rd8+ Kc5 78. Ke2 Nd5 79. Rh8 Nf4+ 80. Kd2 Kd4 81. Rd8+ Nd5 82. Ke2 Ke5 1/2-1/2

[Event "Baku Open 2024"]
[Site "Baku"]
[Date "2024.07.03"]
[Round "5.32"]
[White "Ahmadov, Fariz"]
[Black "Raahul V S"]
[Result "1-0"]
[ECO "A45"]
[WhiteElo "2178"]
[BlackElo "2314"]
[Annotator "TA"]
[PlyCount "77"]
[EventDate "2024.06.29"]
[EventType "swiss"]
[EventCountry "AZE"]
[SourceTitle "playchess.com"]
[Source "ChessBase"]
[SourceQuality "1"]
[TimeControl "5400+30"]

1. d4 Nf6 2. Nd2 d5 3. g3 c5 4. e3 Nc6 5. Ngf3 Bf5 6. a3 e6 7. Bg2 c4 8. O-O {[%emt 0:01:21] The position is equal.} Bd6 9. Nh4 Bg4 10. Qe1 O-O 11. f3 Bh5 12. g4 Qc7 13. gxh5 $2 (13. Kh1 $1 $11 Bg6 14. Nxg6 hxg6 15. g5) 13... Bxh2+ $19 14. Kh1 {[%emt 0:00:02] And now f4 would win.} Bg3 (14... Nxh5 15. f4 Bg3 16. Qe2 $14) 15. Qe2 Bxh4 16. f4 Ne8 17. Nf3 Be7 18. Bd2 f5 19. b3 cxb3 20. c4 Nf6 21. cxd5 exd5 22. Qb5 Qb6 23. a4 Nb4 (23... Nxh5 24. Qxd5+ Kh8 25. Rfb1 $11) (23... Bb4 $19 24. Rfb1 Bxd2 (24... Nxh5 25. Rxb3 Qxb5 26. axb5 $16) 25. Nxd2 Qd8 (25... Nxh5 26. Qxb6 axb6 27. Bxd5+ Kh8 28. Bf3 $14) (25... Qxb5 26. axb5 Nb4 27. Rxb3 $15)) 24. Rab1 Qxb5 25. axb5 Ne4 (25... Nxh5 $142 {aiming for ...Ng3+.} 26. Ne5 Ng3+ 27. Kg1 Ne4 (27... Nxf1 $2 28. Bxb4 Nxe3 29. Bxe7 $17) 28. Bxb4 Bxb4) 26. Rxb3 $17 {[%emt 0:02:15] [#]} Nc2 {[%emt 0:03:18] A dynamic duo of knights.} 27. Bc1 (27. Ne5 $17) 27... a5 (27... Ng3+ $19 {is more deadly.} 28. Kg1 Nxf1 29. Kxf1 Rfd8) 28. bxa6 bxa6 29. Ne5 Bd6 (29... a5 $17 30. Rb7 Bd6) 30. Nd7 {[%emt 0:06:04] [#]} ({White should play} 30. Rb6 $15 Rf6 31. Rb2) 30... Rf7 $1 31. Nc5 Rc7 (31... Nxc5 $2 {too greedy.} 32. dxc5 Bxc5 33. Bxd5 $18) (31... a5 $17 32. Rg1 Bxc5 (32... Nxc5 $2 {perishes.} 33. dxc5 Bf8 34. Bxd5 $18) 33. dxc5 a4 (33... Nxc5 $2 34. Rc3 $18) 34. Bxe4 fxe4 (34... axb3 35. Bxd5 Rb8 36. Bb2 $18)) 32. Ne6 (32. Nxe4 $1 $11 {remains equal.} dxe4 (32... fxe4 33. Bh3 $11) 33. Bh3) 32... Re7 33. Bxe4 dxe4 ({Better is} 33... fxe4 $17 34. f5 Nb4) 34. d5 $15 a5 {[%emt 0:03:05] ...Nb4 would now be deadly.} 35. Rb6 Rd7 36. Rg1 $1 {[%emt 0:00:38][%cal Ob6d6] Rxd6! is the strong threat.} a4 $2 {[%emt 0:01:53][%mdl 8192] [#]} (36... Bf8 $1 $11 {and Black is okay.}) 37. Rxd6 $1 $18 {[%emt 0:00:49][%mdl 512] White is clearly winning.} Rb7 38. Rc6 Nb4 39. Rc7 {[%emt 0:00:24] What a bad dream for Black.   Weighted Error Value: White=0.24 (precise) /Black=0.39.  Loses game:     	White=1     	Black=1      Mistake:       	White=3     	Black=7      Inaccurate:     	White=2     	Black=3      OK:         	White=12    	Black=11     Best:        	White=2     	Black=1      Strong:       	White=1     	Black=1      Brilliant:      	White=1     	---} 1-0

[Event "Baku Open 2024"]
[Site "Baku"]
[Date "2024.07.03"]
[Round "5.33"]
[White "Zhukova, Natalia"]
[Black "Abdinova, Narmin"]
[Result "1/2-1/2"]
[ECO "E41"]
[WhiteElo "2306"]
[BlackElo "2121"]
[Annotator "TA"]
[PlyCount "125"]
[EventDate "2024.06.29"]
[EventType "swiss"]
[EventCountry "AZE"]
[SourceTitle "playchess.com"]
[Source "ChessBase"]
[SourceQuality "1"]
[TimeControl "5400+30"]

1. d4 Nf6 2. c4 e6 3. Nc3 Bb4 4. e3 c5 5. Bd3 d5 6. cxd5 exd5 7. a3 Ba5 8. dxc5 {[%emt 0:02:38] Threatening b4.} Bxc3+ 9. bxc3 O-O 10. a4 Qa5 11. Ne2 Nbd7 12. O-O Nxc5 13. c4 Nxd3 14. Qxd3 dxc4 15. Qxc4 b6 {[%emt 0:20:35] Strongly threatening ...Ba6.} 16. Qc3 Qxc3 17. Nxc3 Ba6 18. Rd1 Rfd8 19. Bb2 Bc4 20. f3 a6 21. e4 Bb3 22. Rdc1 Rd2 {[%emt 0:02:41] The position is equal.} 23. Ba3 Nd7 24. Rab1 Be6 25. Rd1 Rxd1+ 26. Rxd1 Ne5 27. f4 Nc4 28. Bc1 {[%emt 0:00:04] [#] Black must now prevent f5.} g6 29. f5 gxf5 30. exf5 Bxf5 31. Bh6 Be6 32. Nd5 Bxd5 33. Rxd5 $11 {[%emt 0:00:02][%mdl 4096] Endgame. KRB-KRN} f6 {[%emt 0:00:00] Prevents Rg5+.} 34. Rd7 b5 35. axb5 axb5 36. Rg7+ Kh8 37. Rb7 Nd6 38. Rb6 Rd8 39. h3 Kg8 40. Bf4 Ne4 41. Rxb5 Rd1+ 42. Kh2 Kf7 43. h4 Nd6 44. Ra5 Nc4 45. Rc5 Nb6 46. h5 Nd5 47. Bh6 Ne7 48. g4 Ke6 49. Ra5 Rd4 50. Kh3 Rd3+ 51. Kg2 Ng8 52. Bf4 Ne7 53. Ra7 Nd5 54. Bh6 Ne7 55. Bf8 Rd7 56. Rxd7 Kxd7 57. Bxe7 Kxe7 {[%emt 0:00:03] KPP-KPP} 58. Kf3 h6 59. Kf4 Ke6 60. Ke4 Ke7 $1 61. Kf5 {[%emt 0:00:46] [#] Threatening mate with Kg6.} Kf7 62. Kf4 {[%emt 0:00:12] Intending Kf5 and mate.} Ke6 63. Ke4 {[%emt 0:00:00] Not much happened in this game.   Weighted Error Value: White=0.03 (flawless) /Black=0.02 (flawless) .  Inaccurate:     	White=2     	Black=1      OK:         	White=26    	Black=33     Best:        	---       	Black=1      Strong:       	---       	Black=1} 1/2-1/2

[Event "Baku Open 2024"]
[Site "Baku"]
[Date "2024.07.03"]
[Round "5.34"]
[White "Novozhilov, Semen"]
[Black "Goriachkina, Oksana"]
[Result "1-0"]
[ECO "D78"]
[WhiteElo "2288"]
[BlackElo "2045"]
[Annotator "RC"]
[PlyCount "87"]
[EventDate "2024.06.29"]
[EventType "swiss"]
[EventCountry "AZE"]
[SourceTitle "playchess.com"]
[Source "ChessBase"]
[SourceQuality "1"]
[TimeControl "5400+30"]

1. Nf3 Nf6 2. g3 g6 3. Bg2 Bg7 4. O-O O-O 5. d4 d5 6. c4 c6 7. Qa4 Qb6 8. Nc3 Rd8 9. Rd1 Bf5 10. Ne5 Nbd7 11. c5 Qc7 12. Bf4 Qc8 13. f3 h6 14. g4 Be6 15. b4 g5 16. Bg3 Nh7 17. Nxd7 Bxd7 18. e3 Nf8 19. b5 Ng6 20. bxc6 Bxc6 21. Qb3 Kh8 22. Rab1 Rd7 23. f4 e6 24. fxg5 hxg5 25. Nb5 Bxb5 26. Qxb5 Qd8 27. Rd2 Rc8 28. Qa4 a6 29. Rdb2 e5 30. Rxb7 Rxb7 31. Rxb7 exd4 32. exd4 Qf6 33. Bf2 Nf4 34. Bf1 Rd8 35. c6 Qe6 36. h3 Rc8 37. c7 f5 38. gxf5 Qxf5 39. Rb8 Kh7 40. Rxc8 Qxc8 41. Qc2+ Kh6 42. Qc6+ Kh7 43. Qd6 Qf5 44. Qxa6 1-0

[Event "Baku Open 2024"]
[Site "Baku"]
[Date "2024.07.03"]
[Round "5.35"]
[White "Ajay Santhosh Parvathareddy"]
[Black "Dolgun, Can"]
[Result "1-0"]
[ECO "D10"]
[WhiteElo "2163"]
[BlackElo "2264"]
[Annotator "TA"]
[PlyCount "127"]
[EventDate "2024.06.29"]
[EventType "swiss"]
[EventCountry "AZE"]
[SourceTitle "playchess.com"]
[Source "ChessBase"]
[SourceQuality "1"]
[TimeControl "5400+30"]

1. d4 d5 2. c4 c6 3. Nc3 dxc4 4. e3 b5 5. a4 b4 6. Ne4 Qd5 7. Nd2 c3 8. bxc3 {[%emt 0:00:03] White has an edge.} bxc3 9. Nb1 e6 10. Nxc3 Bb4 11. Nge2 Ba6 12. Bd2 Qa5 13. Ne4 Nf6 14. Nxf6+ gxf6 15. Bxb4 (15. Nf4 $16) 15... Qxb4+ $14 16. Qd2 Qxd2+ 17. Kxd2 Nd7 18. Rc1 Rc8 19. Nc3 Bxf1 20. Rhxf1 f5 {[%emt 0:01:45] [#]} (20... Ke7 $14) 21. Nb5 $1 $16 O-O 22. Nxa7 {[%emt 0:01:07] White is more active.} Ra8 23. Nxc6 Rxa4 24. Rc2 {[%emt 0:00:14] Prevents Ra2.} Rfa8 25. Rb1 Nf6 26. f3 (26. Ke2 $16) 26... Ra3 27. Rb7 Nd5 28. Ne7+ Nxe7 29. Rxe7 $14 {[%emt 0:00:04][%mdl 4096] Endgame. KRR-KRR} Rb3 30. Rec7 Raa3 31. R7c3 Rxc3 32. Rb2 {[%emt 1:13:07][%mdl 8192] [#]} (32. Rxc3 $16 Ra1 33. e4) 32... Rc2+ $2 33. Rxc2 $16 {[%emt 0:00:00] KR-KR} ({Much weaker is} 33. Kxc2 $6 Rxe3 34. Ra2 Kg7 $11) 33... Ra1 34. Rc1 (34. Ke2 $16) 34... Ra2+ $11 35. Rc2 ({Better is} 35. Kd3 $11) 35... Ra1 $16 36. Ke2 Rh1 37. h3 Rg1 38. Kf2 Rd1 39. Kg3 Kg7 40. Kf4 Rh1 41. Ke5 Re1 42. Kf4 (42. Rc3 $16) 42... Ra1 (42... Rh1 $1 $11) 43. Rd2 Ra4 (43... Ra5 $142) 44. g4 fxg4 45. hxg4 Ra5 46. e4 {[%emt 0:00:00] d5 is the strong threat.} Kf6 47. Rd3 (47. d5 $18 {Threatens to win with g5+.} exd5 48. exd5 Ra4+ 49. Ke3) 47... Ke7 $2 (47... h5 $14) 48. Rc3 Ra4 $2 (48... h6 49. Rc7+ Kf6 50. e5+ Kg7) 49. Rc7+ $18 Kf6 50. g5+ Kg6 51. Ke5 Ra3 52. f4 Re3 53. Rc6 Kg7 54. f5 exf5 55. Kxf5 Rf3+ 56. Ke5 Rg3 57. Kf4 Rd3 58. d5 {[%emt 0:00:00][%cal Bd4d5,Bd5d6,Bd6d7][%mdl 32] Strongly threatening d6.} Kf8 59. Ke5 Rg3 60. d6 {[%emt 0:00:00] White wants to mate with Rc8+.} Rxg5+ 61. Kf4 {[%emt 0:00:00] White mates.} Rg6 62. Rc8+ Kg7 63. d7 Rf6+ 64. Ke3 {[%emt 0:16:00] What a bad dream for Black.   Weighted Error Value: White=0.34/Black=0.45.  Loses game:     	White=1     	Black=1      Missed win:     	---       	Black=1      Mistake:       	White=6     	Black=4      Inaccurate:     	White=4     	Black=4      OK:         	White=20    	Black=16     Best:        	White=4     	Black=4      Brilliant:      	White=1     	---} 1-0

[Event "Baku Open 2024"]
[Site "Baku"]
[Date "2024.07.03"]
[Round "5.36"]
[White "Sherali Pattnaik"]
[Black "Avinash Ramesh"]
[Result "1-0"]
[ECO "C60"]
[WhiteElo "1955"]
[BlackElo "2252"]
[Annotator "RC"]
[PlyCount "123"]
[EventDate "2024.06.29"]
[EventType "swiss"]
[EventCountry "AZE"]
[SourceTitle "playchess.com"]
[Source "ChessBase"]
[SourceQuality "1"]
[TimeControl "5400+30"]

1. e4 e5 2. Nf3 Nc6 3. Bb5 Nge7 4. d4 exd4 5. Nxd4 Nxd4 6. Qxd4 Nc6 7. Qe3 Be7 8. Bd2 O-O 9. Bc3 d5 10. Bxc6 bxc6 11. Nd2 c5 12. Qg3 d4 13. Ba5 Bd6 14. f4 Ba6 15. O-O-O Qd7 16. e5 Be7 17. Kb1 Kh8 18. Ne4 c4 19. f5 Qxf5 20. Rxd4 c5 21. Nd6 Bxd6 22. Rxd6 Bc8 23. Qe3 Be6 24. Rg1 Qh5 25. h3 c3 26. Bxc3 Qh4 27. g4 a5 28. Rf1 Qe7 29. Qe4 a4 30. a3 Rac8 31. h4 Rcd8 32. Qf4 Rxd6 33. exd6 Qxh4 34. Rg1 h6 35. Qxa4 Qf2 36. Rh1 Qf3 37. Re1 Rd8 38. Be5 Bxg4 39. Qa5 Rc8 40. Qd2 Kh7 41. Bc3 Rd8 42. Re7 Be6 43. b3 Qg3 44. d7 Qg5 45. Qd3+ Qg6 46. Qd6 Qg5 47. Ba5 Rxd7 48. Rxd7 Bxd7 49. Qxd7 c4 50. Bc3 cxb3 51. Qxf7 bxc2+ 52. Kxc2 h5 53. a4 h4 54. Qf3 Kg8 55. a5 Qg6+ 56. Kb2 Qe6 57. Qa8+ Kh7 58. Qb7 Qg4 59. Qxg7+ Qxg7 60. Bxg7 Kxg7 61. a6 h3 62. a7 1-0

[Event "Baku Open 2024"]
[Site "Baku"]
[Date "2024.07.03"]
[Round "5.37"]
[White "Valiyev, Shahin"]
[Black "Ishvi Aggarwal"]
[Result "1-0"]
[ECO "B90"]
[WhiteElo "2244"]
[BlackElo "1928"]
[Annotator "TA"]
[PlyCount "35"]
[EventDate "2024.06.29"]
[EventType "swiss"]
[EventCountry "AZE"]
[SourceTitle "playchess.com"]
[Source "ChessBase"]
[SourceQuality "1"]
[TimeControl "5400+30"]

1. e4 c5 2. Nf3 d6 3. d4 cxd4 4. Nxd4 Nf6 5. Nc3 a6 6. h3 e5 7. Nde2 Be7 (7... b5 $11) 8. g4 $14 h6 9. Be3 b5 10. Bg2 {[%emt 0:02:00] White is slightly better.} Qc7 11. a3 Nbd7 12. O-O O-O 13. Ng3 Nb6 14. Qc1 Rd8 15. Kh1 Nh7 16. f4 Bb7 17. Nf5 exf4 $2 {[%emt 0:04:01][%mdl 8192] [#]} (17... Bf8 $11 {and Black is okay.}) 18. Bxb6 {[%emt 0:00:22] Weighted Error Value: White=0.07 (flawless) /Black=0.66.  Loses game:     	---       	Black=1      Inaccurate:     	White=1     	Black=1      OK:         	White=1     	Black=5} ({Worse is} 18. Bxf4 Bf6 $11) 1-0

[Event "Baku Open 2024"]
[Site "Baku"]
[Date "2024.07.03"]
[Round "5.38"]
[White "Kaldarova, Ayaulym"]
[Black "Kairbekova, Amina"]
[Result "1-0"]
[ECO "A13"]
[WhiteElo "2100"]
[BlackElo "2244"]
[Annotator "TA"]
[PlyCount "125"]
[EventDate "2024.06.29"]
[EventType "swiss"]
[EventCountry "AZE"]
[SourceTitle "playchess.com"]
[Source "ChessBase"]
[SourceQuality "1"]
[TimeControl "5400+30"]

1. Nf3 Nf6 2. c4 e6 3. g3 d5 4. Bg2 d4 5. O-O Nc6 6. e3 e5 7. exd4 e4 8. Re1 Be7 9. Ng5 Bg4 10. Qa4 O-O 11. h3 Bh5 12. Nxe4 Nxe4 13. Bxe4 Nxd4 14. Nc3 f5 15. Bd5+ Kh8 16. d3 c6 17. Be3 Bc5 18. Bg2 f4 19. gxf4 a6 20. b4 b5 21. Qa3 Nc2 22. Qb2 Nxe1 (22... Nxa1 $2 23. Bxc5 (23. bxc5 Qxd3 24. Rxa1 bxc4 $18) 23... Rxf4 24. Ne2 $18 (24. Qxa1 Qxd3 25. Ne4 Re8 $18) (24. Bxc6 Qg5+ 25. Kh2 Bf3 $18)) (22... Bxe3 23. Qxc2 Bd4 $14) 23. Rxe1 Bxe3 24. Rxe3 Qf6 (24... Rxf4 25. Bxc6 Rb8 26. Ne4 $15 (26. Nd5 Rf5 $17)) (24... bxc4 $1 $19 25. dxc4 Rxf4 26. Bxc6 Rc8) 25. Re5 Bg6 (25... Qxf4 $2 26. Rxh5 Rf6 27. Ne4 $18) 26. Ne4 Bxe4 (26... Qxf4 $2 27. c5 $19) 27. Bxe4 bxc4 28. dxc4 Rad8 (28... Qxf4 {is interesting.} 29. Bxc6 Rab8 30. Re4 Qd6) 29. Qe2 ({White should try} 29. Qc1) 29... Qxf4 $17 30. Bxc6 {[%emt 0:05:39] [#]} Rd1+ $2 (30... Rd2 $3 $17 31. Qf3 g6 (31... Qxf3 32. Bxf3 Rxa2 33. c5 $15) 32. Qxf4 Rxf4) 31. Qxd1 $11 Qxe5 32. b5 (32. Qd2 $1 $11 {remains equal.}) 32... Qc3 (32... Qb2 $17 33. f3 Qxa2) 33. Qe2 $11 axb5 34. cxb5 Qxh3 35. a4 Qa3 36. Qc2 Qb4 37. Be4 Re8 38. f3 (38. Bf3 $11 {was the only way to keep the balance.}) 38... Qe1+ (38... Rd8 $17 {Hoping for ...Qe1+.} 39. Kf1 h5) 39. Kg2 $11 Rd8 40. Kh3 Qe3 41. Qc6 Qg5 42. b6 Qh5+ 43. Kg3 Qe5+ 44. Kh3 g6 45. b7 Kg7 46. Qc1 Qh5+ $2 (46... Kf6 $1 $11 {and Black stays safe.}) 47. Kg3 $1 $18 Qe5+ 48. Kh3 $2 (48. Qf4 $18 Qa5 49. Kh3 (49. b8=B Rxb8 50. Qxb8 Qg5+ 51. Kh3 Qh6+ 52. Kg2 Qd2+ 53. Kg3 Qg5+ 54. Kf2 Qd2+ 55. Kg3 Qg5+ $11) (49. b8=R Qe1+ 50. Kh3 Qh1+ 51. Kg3 Qe1+ 52. Kg4 h5+ 53. Kh3 Qh1+ 54. Kg3 Qe1+ 55. Kh3 Qh1+ 56. Kg3 Qe1+ 57. Kh3 $11)) 48... g5 {[%emt 0:00:51] [#]} (48... Qh5+ $11 {keeps the balance.} 49. Kg3 Qa5) 49. a5 $1 $16 h5 (49... g4+ $16 50. Kg2 (50. Kxg4 Rg8 $11) (50. fxg4 h5 $14) 50... gxf3+ 51. Bxf3 Qxa5) 50. Qc6 ({White should play} 50. a6 $18 {And now a7 would win.} g4+ 51. Kg2 gxf3+ 52. Bxf3) 50... g4+ $16 51. fxg4 hxg4+ 52. Kxg4 Rg8 (52... Qxa5 $16 53. Qg6+ Kf8) 53. Kf3 $2 ({White must play} 53. a6 $18) 53... Rf8+ $11 54. Ke3 Qf4+ $2 (54... Qg5+ $11 55. Kd3 Rd8+ 56. Kc4 Qxa5) 55. Kd3 $18 Rd8+ 56. Kc4 Qf1+ 57. Kc5 (57. Kb3 $142 Qf7+ 58. Qc4) 57... Qf2+ 58. Kb5 Qe2+ 59. Kb6 Qe3+ 60. Ka6 (60. Kc7 $142 Qg5 61. Qg6+ (61. b8=B Qe7+ 62. Kb6 Rxb8+ 63. Ka6 Qe5 $11) (61. Qc3+ Kg8 $18) 61... Qxg6 62. Bxg6 Rd5 63. a6 (63. b8=B Rxa5 64. Bc2 Rc5+ 65. Kb6 Rxc2 $11) (63. b8=Q Rd2 64. Be8 Rc2+ 65. Kb6 Rb2+ 66. Bb5 Kg6 67. a6 Kh7) 63... Kxg6 64. b8=Q (64. b8=B Ra5 $11) 64... Kf5 65. Qf8+ (65. a7 Rc5+ 66. Kd6 Ra5 67. a8=Q Rxa8 68. Qxa8 Kf4 69. Qd5 Kg4) 65... Ke5 66. Qb4) 60... Qe2+ {[%emt 0:00:15] [#]} 61. Ka7 $1 Qf2+ 62. Qb6 Qf7 63. Qxd8 1-0

[Event "Baku Open 2024"]
[Site "Baku"]
[Date "2024.07.03"]
[Round "5.39"]
[White "Zhalmakhanov, Ramazan"]
[Black "Vrashank Chouhan"]
[Result "1/2-1/2"]
[ECO "B13"]
[WhiteElo "2505"]
[BlackElo "2209"]
[Annotator "TA"]
[PlyCount "153"]
[EventDate "2024.06.29"]
[EventType "swiss"]
[EventCountry "AZE"]
[SourceTitle "playchess.com"]
[Source "ChessBase"]
[SourceQuality "1"]
[TimeControl "5400+30"]

1. d4 d5 2. Bf4 Nf6 3. Nc3 c5 4. e3 cxd4 5. exd4 a6 6. Nf3 {[%emt 0:00:05] B13: Caro-Kann: Exchange Variation and Panov-Botvinnik Attack.} Nc6 7. Ne5 Bd7 8. g3 e6 9. Bg2 Nxe5 10. dxe5 Ng8 11. h4 Rc8 12. O-O Ne7 13. h5 $146 ({Predecessor:} 13. Qd2 Ng6 14. Be3 Bb4 15. Rfe1 Ne7 16. a3 Bxc3 17. bxc3 Ba4 18. Qd1 Rxc3 19. Qg4 Bxc2 20. Qxg7 {0-1 Wilke,O-Papenfuss,I IECC T002014}) 13... h6 14. Re1 g5 15. hxg6 Nxg6 16. Be3 h5 17. Bd4 Bc5 18. Nxd5 exd5 19. e6 fxe6 20. Bxh8 Nxh8 21. Qxh5+ Nf7 22. Bxd5 Qf6 23. Re2 Kf8 24. Bxb7 Rc7 25. Bg2 Bb5 26. Rd2 Qxb2 27. Rad1 Qf6 28. Rb1 Qc3 29. Rbd1 Bb6 30. Qg4 Qf6 31. Qb4+ Kg7 32. Qg4+ Kf8 33. Re1 {[%emt 0:03:39] [#]} (33. Qb4+ $1 $11 {keeps the balance.} Kg7 34. Qg4+) 33... Ng5 $1 $17 34. Qb4+ Kg7 35. Qg4 (35. Qf4 $17 Ba5 (35... Qxf4 36. gxf4 Ba5 37. c3 $11) 36. c3 (36. Qd6 $2 Nf7 $19) 36... Rxc3 (36... Qxf4 37. gxf4 Rxc3 38. fxg5 $11) 37. Rb2) 35... Rc4 $2 (35... Rf7 $19 36. Kh2 Ba5 (36... Bxf2 37. Rxf2 Qxf2 38. Qxg5+ Kf8 39. Qd8+ Be8 40. Qd6+ Kg8 41. Rxe6 $16) 37. Rxe6 Qxe6 38. Qxg5+ Qg6 39. Qxg6+ Kxg6 40. Rd6+ Kg7) 36. Re4 $1 $11 Rxe4 $1 37. Bxe4 Ba5 38. Rd1 Bb6 39. Rd2 Ba5 40. Rd6 Bc7 41. Rd2 Ba5 42. c3 Bxc3 43. Rc2 Bd4 44. Kg2 Kf8 45. Bb7 e5 46. Rc8+ Ke7 47. Rc7+ ({Better is} 47. f3 $15) 47... Kd6 $17 48. Rc2 Ba4 49. Rd2 Ne6 50. Qe4 (50. Qf3 $15 Qxf3+ 51. Bxf3) 50... Bb5 51. Rc2 {[%emt 0:00:29] [#]} (51. Ba8 $17) 51... Ke7 (51... Nc5 $1 $19 52. Qd5+ Ke7) 52. Ba8 Nc5 53. Qh7+ Qf7 54. Qh4+ Qf6 55. Qh7+ $1 Kf8 56. Qc7 Bd3 (56... Bd7 $5 57. Rd2 Qf5 58. Rxd4 exd4 59. Qd6+ Kf7 60. Qxd4 Be6 $19) 57. Qc8+ Kg7 58. Rd2 e4 59. Bd5 $2 (59. Qg4+ $17 Qg6 60. Qxg6+ Kxg6 61. Rd1) 59... e3 $2 (59... Qf3+ $19 60. Kh2 Qh5+ (60... Bxf2 61. Qc7+ Kg6 62. Qd6+ Kf5 63. Qf8+ Ke5 64. Qxf3 $11) 61. Qh3 Qxd5 62. Qg4+ Kf7 63. Qf4+ Ke8) 60. Qg4+ (60. Rxd3 $5 Qxf2+ (60... Nxd3 61. Qg4+ Kh6 62. Qh3+ Kg6 63. Be4+ Kg7 64. Qg4+ Kf8 65. Bxd3 $11) 61. Kh1 Qf1+ (61... Nxd3 62. Qg4+ Kh6 63. Qh4+ Kg6 64. Qxd4 $11) 62. Kh2 Qe2+ (62... Nxd3 63. Qg4+ Kh6 64. Qh4+ Kg6 65. Be4+ Kf7 66. Qh7+ Kf8 67. Bxd3 $11) (62... Qxd3 63. Qc7+ Kh6 64. Qf4+ Kh7 65. Qc7+ Bg7 66. Qxc5 $11) 63. Kg1 (63. Bg2 $2 Qxd3 64. Qc7+ Kf6 $19) 63... Nxd3 (63... Qxd3 64. Qc7+ Kh6 65. Qf4+ Kh7 66. Qf7+ Kh6 67. Qf4+ Kh7 68. Qf7+ Bg7 69. Qh5+ Bh6 70. Qf7+ Bg7 71. Qh5+ Bh6 72. Qf7+ Bg7 $11) 64. Qg8+ Kh6 65. Qe6+ Kg5 66. Qg8+ Kh6 67. Qe6+ Kg5 68. Qg8+ Kh6 $11) 60... Kf8 61. fxe3 Bf1+ 62. Kh1 Bxe3 63. Qc8+ (63. Rd1 $11) 63... Ke7 $17 64. Rh2 $2 (64. Qc7+ $17 Nd7 65. Bc6 Qh8+ (65... Bxd2 66. Qxd7+ Kf8 67. Qe8+ Kg7 68. Qd7+ Kf8 69. Qc8+ Kg7 70. Qd7+ Kf8 $11) 66. Rh2) 64... Bd3 $19 65. Rg2 Qg5 66. Bf3 Qh6+ 67. Rh2 Qf6 68. Qg4 Qa1+ 69. Bd1 Be4+ 70. Rg2 Bxg2+ 71. Kxg2 Qxa2+ 72. Be2 Qb2 73. Qf3 Qe5 74. Bc4 Qe4 $2 (74... a5 $19 {...Qe4 is the strong threat.} 75. Bd5 a4) 75. Qxe4+ $11 Nxe4 76. Bxa6 Nxg3 77. Kxg3 1/2-1/2